 Dungeon Crawl Stone Soup version 0.30-a0-389-g8d7d949f56 (webtiles) character file.

Game seed: 13487030980691527017

7925 experimilk the Devastator (level 11, -2/79 HPs)
             Began as a Pale Draconian Conjurer on Dec 3, 2022.
             Was a Believer of Vehumet.
             Slain by an Executioner (3 damage)
             ... on level 2 of the Abyss.
             The game lasted 00:29:36 (10962 turns).

experimilk the Devastator (DrCj)                   Turns: 10962, Time: 00:29:37

Health: -2/79      AC: 10    Str:  9    XL:     11   Next: 3%
Magic:  18/20      EV: 13    Int: 22    God:    Vehumet [**....]
Gold:   676        SH:  8    Dex: 17    Spells: 2/22 levels left

rFire   . . .      SeeInvis .    F - +6 scimitar
rCold   . . .      Faith    .    l - +3 buckler
rNeg    . . .      Spirit   .    (body armour unavailable)
rPois   +          Reflect  .    (helmet restricted)
rElec   .          Harm     .    (no cloak)
rCorr   .          Rampage  .    s - +2 pair of gloves
Will    .....                    (no boots)
Stlth   ++........               t - amulet of magic regeneration
HPRegen 0.00/turn                e - ring of poison resistance
MPRegen 0.57/turn                z - +6 ring of dexterity

@: about to teleport, sick, hasted, very quick
A: breathe steam, AC +7, unfitting armour, cold-blooded, steam resistance
a: Breathe Steam, Renounce Religion


You were on level 2 of the Abyss.
You worshipped Vehumet.
Vehumet was pleased with you.
You visited 2 branches of the dungeon, and saw 11 of its levels.
You visited the Abyss 1 time.

You collected 676 gold pieces.

Inventory:

Hand Weapons
 h - a +0 short sword of draining
 C - a +3 short sword
 D - a +4 whip of flaming
 F - a +6 scimitar (weapon)
Armour
 l - a +3 buckler (worn)
 s - a +2 pair of gloves (worn)
Magical Staves
 f - a staff of poison
Jewellery
 c - an amulet of regeneration
 e - a ring of poison resistance (left hand)
 g - a +4 ring of evasion
 k - a ring of protection from fire
 t - an amulet of magic regeneration (around neck)
 z - a +6 ring of dexterity (right hand)
 B - a +6 ring of dexterity
Wands
 i - a wand of polymorph (25)
 v - a wand of flame (47)
 x - a wand of digging (6)
 I - a wand of charming (3)
Scrolls
 d - 4 scrolls of teleportation
 j - a scroll of acquirement {unknown}
 o - 2 scrolls of magic mapping
 q - a scroll of brand weapon {unknown}
 r - 2 scrolls of fear
 y - a scroll of vulnerability {unknown}
 A - a scroll of enchant weapon
 E - a scroll of butterflies
 H - a scroll of immolation {unknown}
Potions
 a - 2 potions of magic
 b - 4 potions of haste
 m - 6 potions of heal wounds
 n - a potion of attraction
 p - 3 potions of might
 u - 9 potions of curing
 w - 3 potions of flight
 G - a potion of cancellation
 J - a potion of ambrosia {unknown}


   Skills:
 - Level 1.8 Fighting
 + Level 3.4 Dodging
 - Level 1.7 Stealth
 + Level 3.6 Shields
 - Level 6.0 Spellcasting
 * Level 15.2 Conjurations


You had 2 spell levels left.
You knew the following spells:

 Your Spells              Type           Power      Damage    Failure   Level
a - Spellforged Servitor  Conj/Summ      20%        N/A       99%         7
b - Magic Dart            Conj           100%       1d8       1%          1
c - Iskenderun's Battles  Conj           65%        2d11      1%          5
q - Apportation           Tloc           12%        N/A       12%         1
x - Iskenderun's Mystic   Conj/Tloc      40%        2d9       5%          4
z - Searing Ray           Conj           100%       2d8       1%          2

Your spell library contained the following spells:

 Spells                   Type           Power      Damage    Failure   Level
 Inner Flame              Hex/Fire       6%         N/A       34%         3
 Slow                     Hex            24%        N/A       12%         1
 Dazzling Flash           Conj/Hex       80%        N/A       1%          3
 Fulminant Prism          Conj/Hex       20%        3d12      5%          4
 Confusing Touch          Hex            6%         N/A       34%         3
 Frozen Ramparts          Ice            12%        1d2       34%         3
 Ozocubu's Armour         Ice            6%         N/A       34%         3
 Vampiric Draining        Necr           6%         2d6       34%         3
 Iron Shot                Conj/Erth      20%        9d5       63%         6
 Ice Form                 Ice/Tmut       6%         N/A       75%         4
 Summon Ice Beast         Ice/Summ       6%         N/A       75%         4
 Alistair's Intoxication  Tmut/Pois      4%         N/A       97%         5
 Ozocubu's Refrigeration  Ice            3%         4d8       100%        7


Dungeon Overview and Level Annotations

Branches:
Dungeon (10/15)            Temple (1/1) D:5            Lair (0/5) D:9
    Orc: D:9-12

Altars:
Ashenzari
Cheibriados
Elyvilon
Fedhas
Gozag
Kikubaaqudgha
Makhleb
Nemelex Xobeh
Qazlal
Ru
Sif Muna
Trog
Uskayaw
Vehumet
Wu Jian
Yredelemnul

Annotations:
D:3 2 transporters, qeuew's ghost, amateur TeRe
D:10 Erolcha


Innate Abilities, Weirdness & Mutations

You can breathe blasts of scalding, opaque steam.
Your pale cyan-grey scales are hard. (AC +7)
You cannot fit into any form of body armour.
You are cold-blooded and may be slowed by cold attacks.
You are immune to the effects of steam.


Message History

Casting: Searing Ray (safe; 1% risk of failure)
Confirm with . or Enter, or press ? or * to list all spells.
You erupt in a blast of force!
The mystic blast hits the rakshasa but does no damage.
The rakshasa is heavily wounded.
You hear a hideous shriek!
You hear a croak.
A starcursed mass comes into view.
The rakshasa barely misses you.
Unknown command.
As you read the scroll of teleportation, it crumbles to dust.
You feel strangely unstable.
You feel the power of the Abyss delaying your translocation!
A starcursed mass splits.
You block the rakshasa's attack.
A wretched star comes into view.
Unknown command.
The rakshasa hits you with a +1 long sword!
Unknown command.
The rakshasa attacks as you move away!
The rakshasa hits you with a +1 long sword!!
An Executioner comes into view.
You feel much better. You block the Executioner's attack.
The Executioner misses you. x2
The rakshasa weaves an illusion.
The efreet shimmers and seems to become two!
You block the Executioner's attack. The Executioner hits you.
The Executioner closely misses you.
You feel yourself speed up. The Executioner hits you!!
The Executioner barely misses you. The Executioner hits you.
The Executioner hits you! The Executioner hits you. x2
* * * LOW HITPOINT WARNING * * *
A neqoxec and a large abomination come into view.
The Executioner attacks as you move away!
The Executioner misses you. The Executioner hits you.
* * * LOW HITPOINT WARNING * * *
The Executioner hits you but does no damage.
The Executioner attacks as you move away!
The Executioner hits you!!
* * * LOW HITPOINT WARNING * * *
The Executioner barely misses you. The Executioner hits you.
You die...

# # ..#.. .# #..
#..#..#.#......#..#...
..#. ...#....... ....
... . #.....##.#.##.
#.. #.......... # .
..#...# . .##.# .
..#..##...#.##.# #
#...##...##.#. #@###.
.. .#.☼...#
#1#.#....X○°X.##.
#.#..RR°°°.###.#
..#.###*...## .. #
...X## ....## . # #...
.#..... . ## #...
.......... ##3
#.......*## .. .#
......'.


You could see an Executioner, a large abomination and a neqoxec (wandering).

Vanquished Creatures
  Maurice (D:8)
  A hellwing (Abyss:1)
  An ancient zyme (Abyss:2)
  2 trolls (D:9)
  A large abomination (Abyss:1)
  11 yaks
  3 wyverns
  A fire bat (Abyss:1)
  2 steam dragons
  Menkaure (D:6)
  A chaos spawn (Abyss:1)
  Edmund (D:6)
  2 wargs (D:9)
  2 water moccasins
  Duvessa (D:7)
  An orc warrior (D:9)
  An ice beast (D:5)
  3 sky beasts
  3 ogres
  A centaur (D:7)
  3 kobold brigands
  A necrophage (D:3)
  A small abomination (Abyss:1)
  A gnoll sergeant (D:8)
  4 scorpions
  Dowan (D:7)
  7 wights
  5 killer bees (D:10)
  4 howler monkeys
  2 electric eels (D:7)
  2 hounds
  7 orc priests
  Jessica (D:2)
  Natasha (thrice) (D:4)
  2 iguanas
  9 orc wizards
  7 adders
  8 gnolls
  2 shadow imps (D:6)
  3 white imps
  An ufetubus (D:5)
  24 orcs
  6 endoplasms
  A giant cockroach (D:1)
  7 goblins
  6 hobgoblins
  2 jackals (D:1)
  2 quokkas (D:1)
  10 ball pythons
  4 bats
  5 frilled lizards
  21 kobolds
  10 rats
  A spectral orc (D:9)
213 creatures vanquished.

Notes
Turn   | Place    | Note
-------+----------+-------------------------------------------
     0 | D:1      | experimilk the Draconian Conjurer began the quest for the
                  | Orb.
     0 | D:1      | Reached XP level 1. HP: 14/14 MP: 3/3
   535 | D:1      | Reached XP level 2. HP: 20/20 MP: 1/5
   585 | D:1      | Learned a level 2 spell: Searing Ray
  1205 | D:1      | Reached skill level 5 in Conjurations
  1250 | D:1      | Reached XP level 3. HP: 26/26 MP: 3/6
  1953 | D:2      | Noticed Jessica
  1957 | D:2      | Killed Jessica
  1958 | D:2      | Reached XP level 4. HP: 33/33 MP: 1/7
  2184 | D:2      | Reached skill level 6 in Conjurations
  2410 | D:3      | Noticed a necrophage
  2417 | D:3      | Killed a necrophage
  2418 | D:3      | Reached XP level 5. HP: 33/38 MP: 0/8
  2519 | D:3      | Reached skill level 7 in Conjurations
  2635 | D:3      | Found a transporter.
  2665 | D:3      | Found a transporter.
  2668 | D:3      | Noticed qeuew's ghost (amateur TeRe)
  2765 | D:3      | Reached XP level 6. HP: 40/45 MP: 0/9
  2870 | D:3      | Found a faded altar of an unknown god.
  2971 | D:3      | Found a hide-covered altar of Uskayaw.
  3431 | D:4      | Noticed Natasha
  3433 | D:4      | Killed Natasha
  3478 | D:4      | Reached skill level 8 in Conjurations
  3721 | D:4      | Your scales start taking on a pale cyan-grey colour.
  3721 | D:4      | Reached XP level 7. HP: 50/50 MP: 4/10
  3721 | D:4      | Gained mutation: You are immune to the effects of steam.
                  | [Pale Draconian growth]
  3843 | D:4      | Noticed Natasha
  3846 | D:4      | Killed Natasha
  3907 | D:4      | Noticed Natasha
  3926 | D:4      | Killed Natasha
  4243 | D:5      | Entered Level 5 of the Dungeon
  4243 | D:5      | Found a staircase to the Ecumenical Temple.
  4246 | D:5      | Reached skill level 9 in Conjurations
  4259 | D:4      | Learned a level 5 spell: Iskenderun's Battlesphere
  4517 | Temple   | Entered the Ecumenical Temple
  4653 | Temple   | Became a worshipper of Vehumet
  5041 | D:5      | Found an opulent altar of Gozag.
  5319 | D:5      | Noticed a yak
  5319 | D:5      | Noticed a yak
  5319 | D:5      | Noticed a yak
  5343 | D:5      | Killed a yak
  5348 | D:5      | Noticed a yak
  5349 | D:5      | Killed a yak
  5350 | D:5      | Reached skill level 10 in Conjurations
  5350 | D:5      | Reached XP level 8. HP: 53/57 MP: 1/12
  5492 | D:5      | Reached skill level 11 in Conjurations
  5929 | D:5      | Learned a level 4 spell: Iskenderun's Mystic Blast
  5930 | D:6      | Noticed Edmund
  5937 | D:6      | Killed Edmund
  6784 | D:6      | Reached skill level 12 in Conjurations
  6826 | D:6      | Noticed Menkaure
  6829 | D:6      | Killed Menkaure
  6830 | D:6      | Reached XP level 9. HP: 62/62 MP: 13/13
  6834 | D:6      | Found a bloodstained altar of Trog.
  7453 | D:7      | Found a blossoming altar of Fedhas.
  7458 | D:7      | Reached * piety under Vehumet
  7458 | D:7      | Offered knowledge of Freeze by Vehumet.
  7552 | D:7      | Found an ornate altar of the Wu Jian Council.
  7624 | D:7      | Noticed Dowan
  7627 | D:7      | Killed Dowan
  7628 | D:7      | Reached skill level 13 in Conjurations
  7628 | D:7      | Noticed Duvessa
  7638 | D:7      | Killed Duvessa
  8381 | D:8      | Found a broken altar of Ashenzari.
  8412 | D:8      | Reached skill level 14 in Conjurations
  8643 | D:8      | Noticed Maurice
  8660 | D:8      | Killed Maurice
  8661 | D:8      | Reached XP level 10. HP: 69/69 MP: 10/14
  8913 | D:8      | Found a stormy altar of Qazlal.
  8976 | D:8      | Found a burning altar of Makhleb.
  9416 | D:9      | Reached ** piety under Vehumet
  9416 | D:9      | Offered knowledge of Kiss of Death by Vehumet.
  9439 | D:9      | Found a staircase to the Lair.
  9452 | D:9      | Reached skill level 15 in Conjurations
  9541 | D:9      | Reached skill level 1 in Shields
 10084 | D:9      | Found a basalt altar of Yredelemnul.
 10424 | D:10     | Entered Level 10 of the Dungeon
 10429 | D:10     | Reached skill level 5 in Spellcasting
 10645 | D:10     | Offered knowledge of Inner Flame by Vehumet.
 10646 | D:10     | Reached skill level 1 in Fighting
 10655 | D:10     | Learned a level 7 spell: Spellforged Servitor
 10662 | D:10     | Learned a level 1 spell: Apportation
 10730 | D:10     | Noticed Erolcha
 10737 | D:10     | Noticed a sixfirhy
 10741 | Abyss:1  | Cast into level 1 of the Abyss (Erolcha)
 10860 | Abyss:1  | Noticed a smoke demon
 10870 | Abyss:1  | Reached XP level 11. HP: 74/79 MP: 0/20
 10873 | Abyss:1  | Noticed a thrashing horror
 10949 | Abyss:2  | Noticed a rakshasa
 10953 | Abyss:2  | Noticed a starcursed mass
 10954 | Abyss:2  | Noticed a wretched star
 10957 | Abyss:2  | Noticed an Executioner
 10962 | Abyss:2  | HP: 1/79 [Executioner (20)]
 10962 | Abyss:2  | Slain by an Executioner

Illustrated notes

Levels and vault maps discovered:
D:1:      sevenhm_arrival_forest_fort_large_2, layout_loops_ring
D:2:      layout_rooms, glass_columns_a, minmay_misc_feat_ornament, uniq_jessica
D:3:      layout_basic, general_overflow_altar, gammafunk_ghost_mausoleum,
          shapermc_ecumenical_altar_gd, kennysheep_generic_room_14
D:4:      layout_basic, uniq_natasha
D:5:      layout_basic, nicolae_gozag_seed_capital,
          minmay_temple_entry_proselytizer
D:6:      layout_rooms, lemuel_tele_altar, hangedman_glass_teeth,
          eino_small_chamber_without_monster, kennysheep_diamond,
          minmay_door_square, uniq_edmund, uniq_menkaure
D:7:      layout_gridville, nicolae_overflow_squiral, uniq_duvessa
D:8:      layout_basic, mainiacjoe_overflow_small_starburst,
          mainiacjoe_overflow_alcove_1, overflow_temple_1_default, uniq_maurice
D:9:      layout_gridville, yredelemnul_forgotten_temple_becter,
          erik_lair_orcish_takeover
D:10:     layout_rooms, serial_glass, glass_columns_b, glass_columns_c,
          uniq_erolcha
Temple:   oiseaux_autumnal_temple
Abyss:2:  base: D:9, hangedman_abyss_or_decor_lesser_grid

Skill      XL: |  1  2  3  4  5  6  7  8  9 10 |
---------------+-------------------------------+-----
Conjurations   | 5 6 7 8 10 12 14 15 | 15.2
Spellcasting   | 3 6 |  6.0
Dodging        | 3 |  3.4
Shields        | 3 |  3.6
Fighting       | 1 |  1.8
Stealth        | |  1.7

Action                   |  1- 3 |  4- 6 |  7- 9 | 10-12 || total
-------------------------+-------+-------+-------+-------++-------
Melee: Dagger            |    30 |       |       |       ||    30
       Tailslap          |     4 |     1 |     3 |     1 ||     9
       Short sword       |     1 |    13 |     9 |       ||    23
       Unarmed           |       |       |     8 |       ||     8
       Whip              |       |       |     8 |       ||     8
       Scimitar          |       |       |       |     4 ||     4
 Cast: Magic Dart        |    63 |    50 |   104 |    90 ||   307
       Searing Ray       |     4 |    10 |    24 |    11 ||    49
       Iskenderun's Batt |       |       |    22 |    20 ||    42
       Iskenderun's Myst |       |       |     6 |    13 ||    19
 Abil: Breathe Steam     |       |       |    19 |     5 ||    24
  Use: Scroll            |       |     6 |     6 |     8 ||    20
       Potion            |       |       |     1 |     2 ||     3
 Stab: Confused          |       |       |     1 |       ||     1
Armor: Skin              |    16 |     4 |    20 |     8 ||    48
Dodge: Dodged            |    30 |    20 |    27 |    22 ||    99
Block: Buckler           |       |     3 |    12 |    12 ||    27

Table legend: (Time is in decaauts)
 A = Elapsed time spent in this place.
 B = Non-inter-level travel time spent in this place.
 C = Inter-level travel time spent in this place.
 D = Time resting spent in this place.
 E = Time spent auto-exploring this place.
 F = Levels seen in this place.
 G = Mean time per level.
                   A        B        C        D        E       F      G
               +--------+--------+--------+--------+--------+-----+--------+
         Total |  10958 |  10647 |    311 |   1485 |   7833 |  13 |  842.9 |
       Dungeon |  10572 |  10309 |    263 |   1456 |   7654 |  10 | 1057.2 |
        Temple |    166 |    118 |     48 |      0 |    110 |   1 |  166.0 |
         Abyss |    219 |    219 |      0 |     29 |     69 |   2 |  109.5 |
               +--------+--------+--------+--------+--------+-----+--------+

Top non-repeatable levels by time:
     D:1: 1580 daAuts
     D:4: 1321 daAuts
     D:5: 1269 daAuts
     D:7: 1231 daAuts
     D:6: 1140 daAuts
     D:9: 1104 daAuts
     D:8: 1015 daAuts
     D:2: 820 daAuts
     D:3: 769 daAuts
    D:10: 318 daAuts
  Temple: 166 daAuts
 Abyss:1: 132 daAuts
 Abyss:2: 87 daAuts
